 Dungeon Crawl Stone Soup version 0.23.2 (webtiles) character file.

Game seed: 6023534873250011672

4272 Borgoz the Ducker (level 10, -3/81 HPs)
             Began as a Ghoul Enchanter on Apr 4, 2019.
             Was an Initiate of Ashenzari.
             Slain by a killer bee (5 damage)
             ... on level 7 of the Dungeon.
             The game lasted 00:16:46 (8382 turns).

Borgoz the Ducker (Ghoul Enchanter)                 Turns: 8382, Time: 00:16:47

Health: -3/81      AC: 12    Str: 18    XL:     10   Next: 31%
Magic:  0/11       EV: 15    Int: 10    God:    Ashenzari [......]
Gold:   431        SH:  0    Dex: 12    Spells: 6/12 levels left

rFire    . . .     SeeInvis .   h - +1 short sword (elec)
rCold    + . .     Gourm    .   (no shield)
rNeg     + + +     Faith    .   n - +3 leather armour
rPois    ∞         Spirit   +   (no helmet)
rElec    .         Reflect  .   b - scarf {Spirit}
rCorr    .         Harm     .   c - +2 pair of gloves
MR       .....                  m - +1 pair of boots
Stlth    ++........             (no amulet)
HPRegen  0.00/turn              (no ring)
MPRegen  0.12/turn              (no ring)

@: mighty, about to teleport, rotting
A: rotting body, claws 1, carnivore, cold resistance 1, negative energy
resistance 3, inhibited regeneration, torment resistance, unbreathing
a: Curse Item, Renounce Religion


You were on level 7 of the Dungeon.
You worshipped Ashenzari.
Ashenzari was noncommittal.
You were not hungry.

You visited 2 branches of the dungeon, and saw 10 of its levels.

You collected 431 gold pieces.

Inventory:

Hand Weapons
 a - a +0 dagger of freezing
 h - a +1 short sword of electrocution (weapon)
 j - a +1 dagger of venom
 l - a +1 short sword of speed
Missiles
 i - 5 tomahawks (quivered)
Armour
 b - a scarf of spirit shield (worn)
 c - a +2 pair of gloves (worn)
 m - a +1 pair of boots (worn)
 n - a +3 leather armour (worn)
Wands
 e - a wand of polymorph (9)
Scrolls
 g - 7 scrolls of remove curse
 k - a scroll of amnesia
 o - a scroll of teleportation
 r - a scroll of identify
 t - a scroll of enchant armour
Potions
 f - 2 potions of brilliance
 p - a potion of flight
Comestibles
 d - 10 rations


   Skills:
 + Level 5.1 Fighting
 * Level 6.3 Short Blades
 * Level 6.3 Armour
 * Level 6.6 Dodging
 - Level 3.2 Stealth
 - Level 1.7 Spellcasting
 + Level 4.3 Hexes
 - Level 3.0 Ice Magic
 + Level 3.7 Evocations


You had 6 spell levels left.
You knew the following spells:

 Your Spells              Type           Power        Failure   Level  Hunger
a - Corona                Hex            #......      6%          1    ##.....
b - Ensorcelled Hibernat  Hex/Ice        #.....       12%         2    ###....
c - Confuse               Hex            #.......     19%         3    ####...

Your spell library contained the following spells:

 Spells                   Type           Power        Failure   Level  Hunger
 Slow                     Hex            #.......     10%         2    ###....
 Tukima's Dance           Hex            #.......     19%         3    ####...
 Magic Dart               Conj           #...         36%         1    ##.....
 Dazzling Spray           Conj/Hex       #.....       41%         3    ####...
 Inner Flame              Hex/Fire       #.......     41%         3    ####...
 Portal Projectile        Hex/Tloc       #.....       41%         3    ####...
 Blink                    Tloc           N/A          50%         2    ###....
 Call Imp                 Summ           #.......     50%         2    ###....
 Cause Fear               Hex            #.........   52%         4    #####..
 Conjure Flame            Conj/Fire      #.......     73%         3    ####...
 Mephitic Cloud           Conj/Pois/Air  #.......     73%         3    ####...
 Leda's Liquefaction      Hex/Erth       #.........   83%         4    #####..


Dungeon Overview and Level Annotations

Branches:
Dungeon (9/15)             Temple (1/1) D:4
   Lair: D:8-11         Orc: D:9-12

Altars:
Ashenzari
Cheibriados
Dithmenos
Elyvilon
Fedhas
Gozag
Hepliaklqana
Kikubaaqudgha
Makhleb
Nemelex Xobeh
Okawaru
Qazlal
Ru
Sif Muna
Trog
Uskayaw
Vehumet
Wu Jian
Xom
Yredelemnul
Zin
The Shining One

Annotations:
D:9 Gastronok


Innate Abilities, Weirdness & Mutations

Your body is rotting away.
You thrive on raw meat.
You are immune to poison.
You have sharp fingernails.
You are carnivorous and can eat meat at any time.
Your flesh is cold resistant. (rC+)
You are immune to negative energy. (rN+++)
You do not regenerate when monsters are visible.
You are immune to unholy pain and torment.
You can survive without breathing.


Message History

The killer bee barely misses you.
Okay, then.
Okay, then.
Unknown command.
You hit the killer bee.
Lightning courses through the killer bee!!
You kill the killer bee!
As you read the scroll of teleportation, it crumbles to dust.
You feel strangely unstable. The killer bee misses you.
The killer bee stings you but does no damage.
The killer bee stings you.
* * * LOW HITPOINT WARNING * * *
The killer bee barely misses you.
Unknown command.
You puncture the killer bee!
Lightning courses through the killer bee!
You kill the killer bee!
The killer bee closely misses you. The killer bee closely misses you.
The killer bee stings you.
You die...

.....##.#.....#.# #.# #...###.###
.###.##.#....(#.###)# #...# #.#
.# #.##.#>.........)###...###.###
.###.##.#.....#....))...........#
........#.....#..####.###.##.###.
.###.####.#.###.......# #....###.
.# #.####.#.# ##.####.###.##.....
.# #(.......# #.# #.........#.#
.#####.#########@# ###.#####...#
...............y># #.# ##...##
...........####### #.###.###.#
######.###.# #.....# #.. #.# #.#
#####.###.# #.# #.# ##...## #.#
#.# ##.## #.# #.# #.# #.# #.#
######.###


You could see a killer bee.

Vanquished Creatures
  A vampire (D:8)
  Eustachio (D:6)
  A human (D:7)
  4 hogs (D:7)
  Edmund (D:4)
  Menkaure (D:6)
  Duvessa (D:5)
  An orc warrior (D:7)
  2 ice beasts
  2 sky beasts
  4 ogres
  A centaur (D:6)
  Blork the orc (D:4)
  3 bullfrogs
  A gnoll sergeant (D:6)
  Dowan (D:5)
  A wyvern skeleton (D:8)
  3 killer bees (D:7)
  5 howler monkeys
  3 crimson imps
  A quasit (D:7)
  2 jellies
  7 orc priests
  8 orc wizards
  3 iguanas
  3 centaur skeletons
  6 worker ants
  8 adders
  12 gnolls
  2 shadow imps
  An ooze (D:3)
  2 adder skeletons
  2 worms (D:3)
  3 dart slugs
  7 leopard geckos
  35 orcs
  12 bats
  2 giant cockroaches
  4 goblins
  5 hobgoblins
  7 jackals
  2 quokkas
  6 frilled lizards
  11 kobolds
  A leopard gecko skeleton (D:4)
  2 quokka skeletons
  7 rats
199 creatures vanquished.

Vanquished Creatures (others)
  A quokka (D:6)
  A bush (D:5)
2 creatures vanquished.

Grand Total: 201 creatures vanquished

Notes
Turn   | Place    | Note
-------+----------+-------------------------------------------
     0 | D:1      | Borgoz the Ghoul Enchanter began the quest for the Orb.
     0 | D:1      | Reached XP level 1. HP: 14/14 MP: 2/2
   132 | D:1      | Reached skill level 1 in Short Blades
   247 | D:1      | Reached XP level 2. HP: 10/20 MP: 3/3
   738 | D:1      | Reached skill level 1 in Armour
   796 | D:1      | Reached XP level 3. HP: 27/27 MP: 4/4
  1586 | D:3      | Reached skill level 1 in Fighting
  1586 | D:3      | Reached XP level 4. HP: 35/35 MP: 5/5
  1672 | D:3      | Learned a level 2 spell: Ensorcelled Hibernation
  1676 | D:3      | Learned a level 3 spell: Confuse
  1914 | D:3      | Found a bloodstained altar of Trog.
  2081 | D:3      | Reached XP level 5. HP: 35/40 MP: 6/6
  2282 | D:3      | Noticed an ice beast
  2282 | D:3      | Noticed an ogre
  2296 | D:3      | Killed an ogre
  2296 | D:3      | Reached XP level 6. HP: 41/48 MP: 7/7
  2297 | D:3      | Killed an ice beast
  2465 | D:3      | Found an opulent altar of Gozag.
  2926 | D:4      | Reached XP level 7. HP: 55/55 MP: 8/8
  3278 | D:4      | Found a staircase to the Ecumenical Temple.
  3302 | D:4      | Noticed Edmund
  3335 | D:4      | Killed Edmund
  3335 | D:4      | Reached skill level 1 in Ice Magic
  3335 | D:4      | Reached skill level 1 in Evocations
  4027 | D:5      | Entered Level 5 of the Dungeon
  4027 | D:5      | Noticed Duvessa
  4027 | D:5      | Noticed Dowan
  4027 | D:5      | Noticed Eustachio
  4027 | D:5      | Noticed Blork the orc
  4036 | D:4      | Killed Blork the orc
  4067 | Temple   | Entered the Ecumenical Temple
  4408 | D:5      | Reached XP level 8. HP: 37/62 MP: 6/9
  5041 | D:6      | Killed Eustachio
  5242 | D:5      | Killed Duvessa
  5252 | D:5      | Killed Dowan
  5252 | D:5      | Reached skill level 5 in Dodging
  5639 | D:6      | Noticed Menkaure
  5646 | D:6      | Killed Menkaure
  5646 | D:6      | Reached XP level 9. HP: 54/71 MP: 7/10
  5696 | D:5      | Reached skill level 5 in Short Blades
  6005 | D:6      | Reached skill level 5 in Armour
  6582 | D:6      | Found a white marble altar of Elyvilon.
  6743 | D:7      | Found a basalt altar of Yredelemnul.
  6744 | D:7      | Found a shattered altar of Ashenzari.
  6815 | D:7      | Became a worshipper of Ashenzari the Shackled
  6869 | D:7      | Found a glowing silver altar of Zin.
  7376 | D:7      | Found a shadowy altar of Dithmenos.
  7413 | D:7      | Reached XP level 10. HP: 70/80 MP: 8/11
  8154 | D:9      | Noticed Gastronok
  8159 | D:8      | Reached skill level 5 in Fighting
  8226 | D:8      | Found a burning altar of Makhleb.
  8378 | D:7      | HP: 3/81 [killer bee (6)]
  8382 | D:7      | Slain by a killer bee

Skill      XL: |  1  2  3  4  5  6  7  8  9 10 |
---------------+-------------------------------+-----
Short Blades   | 1 2 3 4 5 6 |  6.3
Dodging        | 2 3 4 5 6 |  6.6
Armour         | 1 2 3 4 5 6 |  6.3
Fighting       | 1 2 3 4 5 |  5.1
Ice Magic      | 1 2 3 |  3.0
Evocations     | 1 2 3 |  3.7
Hexes          | 3 4 |  4.3
Stealth        | |  3.2
Spellcasting   | |  1.7

Action                   |  1- 3 |  4- 6 |  7- 9 | 10-12 || total
-------------------------+-------+-------+-------+-------++-------
Melee: Dagger            |    53 |       |       |       ||    53
       Short sword       |    84 |   165 |   434 |   178 ||   861
Evoke: Wand              |       |     6 |     2 |       ||     8
  Use: Scroll            |       |     7 |     2 |     1 ||    10
       Potion            |       |     2 |     5 |     1 ||     8
 Stab: Sleeping          |    12 |     5 |     2 |       ||    19
       Distracted        |       |       |     1 |       ||     1
  Eat: Chunk             |     4 |     9 |    15 |    11 ||    39
Armor: Robe              |    40 |    35 |     6 |       ||    81
       Leather armour    |       |       |   142 |    73 ||   215
Dodge: Dodged            |    74 |    88 |   256 |   147 ||   565
